 Dungeon Crawl Stone Soup version 0.17.0-23-g0de4337 (webtiles) character file.

51 TruthSerum the Ruffian (level 3, -2/36 HPs)
             Began as a Troll Monk on Nov 15, 2015.
             Slain by Robin
             ... wielding a +0 dagger
              (6 damage)
             ... on level 1 of the Dungeon.
             The game lasted 00:04:08 (793 turns).

TruthSerum the Ruffian (Troll Monk)                  Turns: 793, Time: 00:04:08

Health: -2/36      AC:  5    Str: 19    XL:     3   Next: 58%
Magic:  2/2        EV: 11    Int:  6    God:
Gold:   56         SH:  0    Dex: 13    Spells: 0 memorised, 2 levels left

rFire  . . .     SeeInvis .       - Unarmed
rCold  . . .     Clarity  .     a - +0 robe
rNeg   . . .     SustAt   .     (no shield)
rPois  .         Gourm    +     (helmet restricted)
rElec  .         Spirit   .     (no cloak)
rCorr  .         Warding  .     (gloves unavailable)
rMut   +         Stasis   .     (boots unavailable)
MR     .....                    d - amulet of resist mutation
Stlth  +.........               (no ring)
                                (no ring)

@: not resistant to hostile enchantments, very unstealthy
A: unfitting armour, claws 3, fast metabolism 3, gourmand, regeneration 2,
shaggy fur 1, tough skin 2
a: no special abilities


You were on level 1 of the Dungeon.
You were very full.

You visited 1 branch of the dungeon, and saw 2 of its levels.

You collected 56 gold pieces.

Inventory:

Armour
 a - a +0 robe (worn)
Jewellery
 d - an amulet of resist mutation (around neck)
Scrolls
 f - a scroll of amnesia {unknown}
Potions
 c - a potion of heal wounds {unknown}
 e - a potion of agility {unknown}
 g - a potion of haste {unknown}
 h - a potion of ambrosia {unknown}
 j - a potion of resistance {unknown}
Comestibles
 b - 2 bread rations
 i - a royal jelly


   Skills:
 + Level 2.8 Fighting
 + Level 2.9 Dodging
 - Level 1.1 Stealth
 * Level 4.6 Unarmed Combat


You had 2 spell levels left.
You didn't know any spells.

Dungeon Overview and Level Annotations

Branches:
Dungeon (2/15)

Altars:

Annotations:
D:1 Robin


Innate Abilities, Weirdness & Mutations

You are too large for most types of armour.
You have claws for hands.
Your metabolism is lightning-fast.
You like to eat raw meat.
You heal very quickly.
You are covered in fur (AC +1).
You have very tough skin (AC +2).


Message History

The goblin hits you with a dagger.
* * * LOW HITPOINT WARNING * * *
Something hits you but does no damage.
You climb upwards.
There is a stone staircase leading down here.
Unknown command.
You scratch the goblin.
You kill the goblin!
You start resting.
Something hits you but does no damage.
You start resting.
Something hits you but does no damage.
You scratch something. Something hits you.
* * * LOW HITPOINT WARNING * * *
You closely miss something. Something hits you but does no damage.
You barely miss something. Something hits you but does no damage.
You closely miss something. Something hits you.
* * * LOW HITPOINT WARNING * * *
You barely miss something. Something hits you but does no damage.
You claw something! Something hits you but does no damage.
You scratch something but do no damage. Something hits you.
You die...

......#..###.###.#.##############
......#..###.# #.#........#
...........#.# #.########.#
......#[.#.#.###.##### ##.##
..#####..#.#.....)...###...#####
#.# #..#.#.###.###.....#.....#
#.## #..#.#.# #.# #####...###.#
...# #..#.#.###># ##.## #.##
##.## #........)@# #.# #.#. ##.<#
#.###..##### ##.## #.#. #####
#......# ##...###.#. # #####..#
##.#.#.##.#. # #..# ##.##.##.#.#.
## #..### #.....###..#. .# #....#
##.#####.#.#. .# ##.#.#
#..###.##... .#
#...#######.#.#.###..#


There were no monsters in sight!

Vanquished Creatures
  2 adders
  14 goblins
  3 hobgoblins
  4 bats
  A giant cockroach (D:1)
  A giant gecko (D:1)
  2 giant newts (D:1)
  A kobold (D:1)
  6 rats
34 creatures vanquished.

Notes
Turn   | Place    | Note
--------------------------------------------------------------
     0 | D:1      | TruthSerum the Troll Monk began the quest for the Orb.
     0 | D:1      | Reached XP level 1. HP: 22/22 MP: 0/0
   169 | D:1      | Reached XP level 2. HP: 26/29 MP: 1/1
   536 | D:1      | You fall through a shaft!
   620 | D:1      | Reached XP level 3. HP: 32/36 MP: 2/2
   740 | D:2      | Noticed Robin
   793 | D:1      | Slain by Robin

Action                   || total
-------------------------++-------
Melee: Unarmed           ||   111
 Stab: Sleeping          ||     3
  Eat: Chunk             ||    11
